 Dungeon Crawl Stone Soup version 0.17.1-3-g152610e (webtiles) character file.

186 aeluma the Conjurer (level 5, 0/28 HPs)
             Began as a Deep Elf Conjurer on Apr 19, 2016.
             Killed from afar by an orc wizard (11 damage)
             ... with a magic dart
             ... on level 4 of the Dungeon.
             The game lasted 00:15:14 (3710 turns).

aeluma the Conjurer (Deep Elf Conjurer)             Turns: 3710, Time: 00:15:14

Health: 0/28       AC:  5    Str:  6    XL:     5   Next: 38%
Magic:  7/15       EV: 13    Int: 20    God:
Gold:   132        SH:  0    Dex: 15    Spells: 3 memorised, 8 levels left

rFire  . . .     SeeInvis .     g - +3 dagger
rCold  . . .     Clarity  .     a - +0 robe
rNeg   . . .     SustAt   .     (no shield)
rPois  .         Gourm    .     (no helmet)
rElec  .         Spirit   .     (no cloak)
rCorr  .         Warding  .     e - +2 pair of gloves
rMut   .         Stasis   .     (no boots)
MR     .....                    (no amulet)
Stlth  ++........               (no ring)
                                (no ring)

@: not resistant to hostile enchantments, unstealthy
A: no striking features
a: no special abilities


You were on level 4 of the Dungeon.
You were very hungry.

You visited 1 branch of the dungeon, and saw 4 of its levels.

You collected 132 gold pieces.

Inventory:

Hand Weapons
 g - a +3 dagger (weapon)
Armour
 a - a +0 robe (worn)
 e - a +2 pair of gloves (worn)
 h - a cursed +0 buckler
Wands
 d - a wand of fireball (4)
Potions
 m - a potion of brilliance
Books
 b - a book of Conjurations

   Spells                             Type                      Level
   a - Magic Dart                     Conjuration                  1
   b - Searing Ray                    Conjuration                  2
   c - Dazzling Spray                 Conjuration/Hexes            3
   d - Fulminant Prism                Conjuration/Hexes            4
   e - Iskenderun's Mystic Blast      Conjuration                  4
   f - Iskenderun's Battlesphere      Conjuration/Charms           5
Comestibles
 c - 2 bread rations
 f - a beef jerky
 i - a royal jelly
 j - 3 meat rations
 p - 4 fruits


   Skills:
 - Level 2.4 Dodging
 - Level 2.4 Stealth
 + Level 5.9 Spellcasting
 + Level 5.9 Conjurations


You had 8 spell levels left.
You knew the following spells:

 Your Spells              Type           Power        Failure   Level  Hunger
a - Magic Dart            Conj           ####         1%          1    None
b - Iskenderun's Mystic   Conj           ####....     12%         4    ####...
c - Searing Ray           Conj           ####..       1%          2    None


Dungeon Overview and Level Annotations

Branches:
Dungeon (4/15)
 Temple: D:4-7

Altars:

Annotations:
D:3 Tobisume's ghost, weakling DsGl


Message History

The orc is almost dead.
The orc wizard hits you but does no damage.
The orc barely misses you.
Casting: Iskenderun's Mystic Blast
Confirm with . or Enter, or press ? or * to list all spells.
Aiming: Searing Ray
Press: ? - help, Shift-Dir - straight line, f - orc, p - orc wizard
Aim: an orc, wielding a trident and wearing a leather armour (almost dead)
The searing ray misses the orc wizard.
The searing ray hits the orc.
You kill the orc!
The orc wizard gestures at you while chanting.
The puff of flame misses you.
The searing ray hits the orc wizard.
The orc wizard is heavily wounded.
The orc wizard hits you with a dagger.
The searing ray hits the orc wizard.
The orc wizard is almost dead.
The orc wizard points at you and mumbles some strange words.
The magic dart hits you!
You die...

..! .. .......
.......## . ...
..#####.# #
#.##.......# ..
.###........# #>..
.......<..# .....
.##...)...###......
##...)†.o@.......
#.....)####.#...
#.......#
#.........#
##.$.......#
##......#...
#...........
...###...... #..#
......


You could see an orc wizard.

Vanquished Creatures
  An orc wizard (D:3)
  7 adders
  An ooze (D:1)
  2 worms (D:3)
  2 giant geckos
  14 orcs
  7 bats
  2 giant cockroaches
  7 goblins
  7 hobgoblins
  7 jackals
  A quokka (D:2)
  A ball python (D:3)
  2 giant newts
  6 kobolds
  6 rats
73 creatures vanquished.

Notes
Turn   | Place    | Note
--------------------------------------------------------------
     0 | D:1      | aeluma the Deep Elf Conjurer began the quest for the Orb.
     0 | D:1      | Reached XP level 1. HP: 10/10 MP: 6/6
   358 | D:1      | Reached XP level 2. HP: 15/15 MP: 5/8
   742 | D:1      | Reached skill level 5 in Conjurations
   866 | D:2      | Reached XP level 3. HP: 19/19 MP: 5/10
  1633 | D:2      | Reached XP level 4. HP: 24/24 MP: 8/12
  1825 | D:3      | Reached skill level 5 in Spellcasting
  1929 | D:3      | Noticed Tobisume's ghost (weakling DsGl)
  1955 | D:3      | Learned a level 4 spell: Iskenderun's Mystic Blast
  1958 | D:3      | Learned a level 2 spell: Searing Ray
  2805 | D:3      | Reached XP level 5. HP: 22/28 MP: 5/15
  2889 | D:4      | Noticed an ogre
  3152 | D:4      | Noticed an ogre
  3710 | D:4      | Killed from afar by an orc wizard

Action                   |  1- 3 |  4- 6 || total
-------------------------+-------+-------++-------
Melee: Dagger            |     3 |     8 ||    11
 Cast: Magic Dart        |    65 |    67 ||   132
       Iskenderun's Myst |       |     7 ||     7
       Searing Ray       |       |     7 ||     7
  Use: Scroll            |     2 |     5 ||     7
       Potion            |       |     6 ||     6
 Stab: Sleeping          |       |     1 ||     1
  Eat: Chunk             |     2 |     6 ||     8
